AoeStats
← VidelaMVSS

Arabia

510617580Analyzed
1v1 RM · 15h ago on Oct 1, 2026· 28m 4s· 2 players
Game mode
Random Map
Map size
Tiny (2 player)
Population
200
Speed
Normal
Resources
Standard
Victory
Conquest
Starting age
Dark Age
Ending age
Imperial Age
RankedLock teamsTeams togetherTeam positionsShared explorationLock speedFull tech treeHidden civsTurbo modeCheats
Victory
Defeat
🇨🇴 Byzantines · Colombia
997
+16
🇪🇸 Maya · Spain
1000
-48
jerelposada
12:18 Feudal Age
12:24 Man-at-Arms
14:31 Arson
17:30 Wheelbarrow
17:04 Horse Collar
18:17 Forging
18:28 Forging
21:56 Castle Age
23:35 Hand Cart
23:37 Gold Mining
24:36 Iron Casting
24:47 Scale Barding Armor
27:03 Husbandry
28:31 Gold Shaft Mining
VidelaMVSS
12:12 Feudal Age
19:09 Double-Bit Axe
19:18 Gold Mining
27:07 Castle Age
27:52 Pikeman
Connection lost

Rejoining the realm…

Still unreachable

The connection could not be restored.

Session expired

The server has moved on; the page needs a fresh start.